 Dungeon Crawl Stone Soup version 0.31.0-12-g77e489cdc1 (webtiles) character file.

Game seed: 10748695505960672434

14583 Doomgape the Grappler (level 11, -7/115 HPs)
             Began as a Troll Fighter on Feb 21, 2024.
             Was a High Priest of Okawaru.
             Succumbed to Amaemon's poison
             ... on level 1 of the Lair of Beasts.
             The game lasted 00:36:27 (9330 turns).

Doomgape the Grappler (Troll Fighter)               Turns: 9330, Time: 00:36:28

Health: -7/115     AC: 19    Str: 33    XL:     11   Next: 90%
Magic:  7/12       EV:  8    Int:  4    God:    Okawaru [*****.]
Gold:   808        SH:  9    Dex:  9    Spells: 10/10 levels left

rFire   + .          .
                       - Unarmed
rCold   + . .        b - +0 kite shield
rNeg    . . .        m - +1 storm dragon scales
rPois   .            D - +2 hat {Stlth+}
rElec   +            (no cloak)
rCorr   .            (gloves unavailable)
SInv    .            (boots unavailable)
Will    +....        C - amulet of guardian spirit Stlth
                     s - ring of the Shining Light {rF+ AC+4}
HPRegen 1.19/turn    l - ring "Umokicon" {Fly rC+ Will+ Str+3}
MPRegen 0.13/turn

%: guardian spirit
@: lethally poisoned (-7 -> -43), attractive, flying, slowed, studying Unarmed
Combat, very slow
A: large, unfitting armour, claws 3, regeneration 1, shaggy fur 1, tough skin 1
a: Renounce Religion, Heroism, Finesse, Duel


You were on level 1 of the Lair of Beasts.
You worshipped Okawaru.
Okawaru was extremely pleased with you.
You visited 3 branches of the dungeon, and saw 13 of its levels.
You also visited: Bailey.

You collected 808 gold pieces.

Inventory:

Missiles
 i - 9 javelins (quivered)
 u - 2 throwing nets
Armour
 b - a +0 kite shield (worn)
 m - +1 storm dragon scales (worn)
 D - a +2 hat of stealth (worn)
Jewellery
 l - the ring "Umokicon" (right claw) {Fly rC+ Will+ Str+3}
   (You acquired it in a bailey)

   [ring of flight]

   Str+3:     It affects your strength (+3).
   rC+:       It protects you from cold.
   Will+:     It increases your willpower.
   Fly:       It grants you flight.
 n - a ring of ice
 s - the ring of the Shining Light (left claw) {rF+ AC+4}
   (You acquired it on level 7 of the Dungeon)

   [ring of protection]

   AC+4:      It affects your AC (+4).
   rF+:       It protects you from fire.
 C - an amulet of guardian spirit (around neck)
 G - a ring of resist corrosion
Wands
 o - a wand of iceblast (4)
 z - a wand of flame (34)
 E - a wand of digging (4)
Scrolls
 e - a scroll of blinking
 f - a scroll of fog
 h - 4 scrolls of teleportation
 q - 5 scrolls of identify
 v - a scroll of acquirement
 y - a scroll of enchant armour
 B - a scroll of revelation
 F - a scroll of vulnerability
Potions
 a - a potion of lignification {unknown}
 c - 2 potions of might
 d - 2 potions of invisibility {unknown}
 g - 7 potions of curing {unknown}
 j - 2 potions of mutation {unknown}
 k - 3 potions of haste {unknown}
 p - 2 potions of resistance {unknown}
 r - 6 potions of enlightenment
 t - 3 potions of attraction
 w - a potion of heal wounds {unknown}
 x - a potion of experience {unknown}
 A - a potion of berserk rage {unknown}
 H - a potion of ambrosia {unknown}
 I - 2 potions of brilliance


   Skills:
 + Level 9.2 Fighting
 - Level 8.7 Dodging
 - Level 7.4 Shields
 + Level 11.6 Unarmed Combat
 + Level 2.7 Invocations


You had 10 spell levels left.
You didn't know any spells.
Your spell library contained the following spells:

 Spells                   Type           Power      Damage    Failure   Level
 Apportation              Tloc           0%         N/A       99%         1
 Necrotise                Necr           0%         1d4       99%         1
 Slow                     Hex            0%         N/A       99%         1
 Sting                    Conj/Alch      0%         1d3       99%         1
 Cigotuvi's Dreadful Rot  Necr/Alch/Air  0%         N/A       100%        2
 Static Discharge         Conj/Air       0%         3-3/arc   100%        2
 Confusing Touch          Hex            0%         N/A       100%        3
 Dazzling Flash           Conj/Hex       0%         N/A       100%        3
 Frozen Ramparts          Ice            0%         1d1       100%        3
 Hailstorm                Conj/Ice       0%         3d5       100%        3
 Mephitic Cloud           Conj/Alch/Air  0%         N/A       100%        3
 Sigil of Binding         Hex            0%         N/A       100%        3
 Vampiric Draining        Necr           0%         2d6       100%        3
 Airstrike                Air            0%         2d(0-16)  100%        4
 Ignite Poison            Fire/Alch      0%         N/A       100%        4
 Leda's Liquefaction      Alch/Erth      0%         N/A       100%        4
 Passage of Golubria      Tloc           0%         N/A       100%        4
 Petrify                  Alch/Erth      0%         N/A       100%        4
 Curse of Agony           Necr           0%         N/A       100%        5
 Freezing Cloud           Conj/Ice/Air   0%         6-21      100%        5
 Metabolic Englaciation   Hex/Ice        0%         N/A       100%        5
 Silence                  Hex/Air        0%         N/A       100%        5
 Yara's Violent Unravell  Hex/Alch       0%         3d3       100%        5
 Summon Small Mammal      Summ           Unusable   N/A       N/A         1
 Summon Ice Beast         Ice/Summ       Unusable   N/A       N/A         3
 Tukima's Dance           Hex            Unusable   N/A       N/A         3
 Summon Lightning Spire   Summ/Air       Unusable   N/A       N/A         4
 Sculpt Simulacrum        Ice/Alch       Unusable   N/A       N/A         6

Dungeon Overview and Level Annotations

Branches:
Dungeon (11/15)            Temple (1/1) D:4            Lair (1/5) D:9
    Orc (0/2) D:10         Bailey (visited)

Altars:
Ashenzari
Cheibriados
Dithmenos
Elyvilon
Fedhas
Gozag
Hepliaklqana
Kikubaaqudgha
Makhleb
Nemelex Xobeh
Okawaru
Qazlal
Ru
Sif Muna
Trog
Uskayaw
Vehumet
Wu Jian
Xom
Yredelemnul
Zin
The Shining One

Shops:
D:5 :   D:9 (   D:10 *

Annotations:
D:5 1 runed translucent door, HourglassMan's ghost, amateur HOMo
D:9 exclusion: statue
Lair:1 Amaemon


Innate Abilities, Weirdness & Mutations

You are too large for most types of armour.
You have claws for hands.
Your natural rate of healing is unusually fast.
You are covered in fur. (AC +1)
You have tough skin. (AC +1)


Message History

You feel very sick. The orange demon stings you from afar!
You block Amaemon's attack. Amaemon claws you but does no damage.
Amaemon tail-slaps you but does no damage.
The orange demon stings you from afar.
You are more poisoned.
You have difficulty breathing.
You feel as though you will be slow longer.
You scratch Amaemon.
Amaemon is moderately wounded.
You feel extremely sick.
Amaemon hits you with a +0 demon whip of venom!
You are more poisoned.
Amaemon claws you but does no damage. Amaemon tail-slaps you.
You are lethally poisoned!
Amaemon poisons you! The orange demon barely misses you.
Amaemon hits you with a +0 demon whip of venom!
You are more poisoned.
You block Amaemon's attack.
Amaemon tail-slaps you but does no damage.
You mangle Amaemon!!
Amaemon is severely wounded.
* * * LOW HITPOINT WARNING * * *
You feel extremely sick.
The orange demon no longer looks unusually toxic.
The orange demon stings you but does no damage.
You block Amaemon's attack. Amaemon claws you but does no damage.
Amaemon barely misses you.
You barely miss Amaemon.
Amaemon is severely wounded.
* * * LOW HITPOINT WARNING * * *
You feel extremely sick. You block the orange demon's attack.
Amaemon hits you but does no damage.
You are more poisoned.
Amaemon claws you but does no damage.
Amaemon tail-slaps you but does no damage.
The orange demon stings you but does no damage.
It was a potion of attraction.
You feel attractive to monsters.
You die...

...PP #.# ....) #### #..#
...#.##P.###..##
............>...
................ .
................ ..
..........4........ .#
#....####6######## ..#
#(..###@## #.##...##.##
..#...#.#### ###
#########......##.######.######.
................................
................................
..........................[.....
#########.....############P####.
##.#...#..## ##


You could see Amaemon and an orange demon.

Vanquished Creatures
  A two-headed ogre (D:8)
  An orc high priest (Bailey)
  An orc sorcerer (Bailey)
  2 cyclopes
  A rime drake (D:9)
  2 komodo dragons (Lair:1)
  A polar bear (D:9)
  3 trolls
  A hornet (D:9)
  2 wraiths
  3 wyverns
  20 yaks
  A steam dragon (D:10)
  Edmund (D:4)
  An acid dragon (D:7)
  2 black bears
  A sky beast (D:7)
  16 orc warriors
  4 ice beasts
  An ogre (D:5)
  2 wolves (D:9)
  6 centaurs
  4 phantoms
  3 kobold brigands
  4 bullfrogs
  4 gnoll sergeants
  3 scorpions
  15 wights
  4 killer bees (D:10)
  10 electric eels
  4 howler monkeys
  3 jellies
  6 hounds
  2 bombardier beetles
  3 gnoll boudas
  2 sleepcaps
  Jessica (D:2)
  An iguana (D:4)
  6 orc wizards
  20 gnolls
  5 adders
  A shadow imp (D:6)
  A white imp (D:7)
  5 dart slugs
  23 orcs
  8 ball pythons
  5 endoplasms
  6 giant cockroaches
  16 goblins
  12 hobgoblins
  6 jackals
  10 kobolds
  2 quokkas
  4 bats
  4 frilled lizards
  8 rats
284 creatures vanquished.

Notes
Turn   | Place    | Note
-------+----------+-------------------------------------------
     0 | D:1      | Doomgape the Troll Fighter began the quest for the Orb.
     0 | D:1      | Reached XP level 1. HP: 22/22 MP: 0/0
    79 | D:1      | Reached XP level 2. HP: 29/29 MP: 1/1
   431 | D:1      | Reached XP level 3. HP: 36/36 MP: 2/2
   832 | D:2      | You fall into a shaft and drop 1 floor!
  1036 | D:2      | Found a radiant altar of Vehumet.
  1197 | D:2      | Reached XP level 4. HP: 44/44 MP: 3/3
  1684 | D:2      | Noticed Jessica
  1700 | D:2      | Killed Jessica
  1897 | D:3      | Reached skill level 3 in Unarmed Combat
  1897 | D:3      | Reached XP level 5. HP: 29/53 MP: 4/4
  2063 | D:3      | Found a faded altar of an unknown god.
  2334 | D:4      | Found a staircase to the Ecumenical Temple.
  2403 | Temple   | Entered the Ecumenical Temple
  2419 | Temple   | Became a worshipper of Warmaster Okawaru
  2660 | D:4      | Reached XP level 6. HP: 61/61 MP: 5/5
  2998 | D:5      | Entered Level 5 of the Dungeon
  2998 | D:5      | Noticed Edmund
  3015 | D:4      | Killed Edmund
  3015 | D:4      | Reached * piety under Okawaru
  3016 | D:4      | Reached skill level 4 in Unarmed Combat
  3062 | D:5      | Reached XP level 7. HP: 68/68 MP: 6/6
  3283 | D:5      | Reached ** piety under Okawaru
  3329 | D:5      | Noticed HourglassMan's ghost (amateur HOMo)
  3332 | D:5      | Found a runed translucent door.
  3361 | D:5      | Found Ebampos's Book Shoppe.
  3751 | D:6      | Reached skill level 5 in Shields
  3751 | D:6      | Reached skill level 5 in Unarmed Combat
  3751 | D:6      | Reached XP level 8. HP: 49/79 MP: 7/7
  4004 | D:6      | Reached skill level 5 in Dodging
  4064 | D:6      | Reached skill level 5 in Fighting
  4408 | D:7      | Reached *** piety under Okawaru
  4474 | D:7      | Reached skill level 6 in Unarmed Combat
  4570 | D:7      | Reached XP level 9. HP: 83/88 MP: 8/8
  4660 | D:7      | Reached **** piety under Okawaru
  4789 | D:7      | Found an ancient bone altar of Kikubaaqudgha.
  5042 | D:7      | Reached skill level 7 in Unarmed Combat
  5316 | D:7      | Noticed a cyclops
  5317 | D:7      | Noticed a troll
  5324 | D:7      | Killed a cyclops
  5325 | D:7      | Reached XP level 10. HP: 92/100 MP: 6/9
  5422 | D:7      | Identified a scroll of acquirement
  5422 | D:7      | Acquired the ring of the Shining Light {rF+ AC+4}
  5529 | D:8      | Noticed a cyclops
  5534 | D:8      | Killed a cyclops
  5534 | D:8      | Reached ***** piety under Okawaru
  5752 | D:8      | Reached skill level 8 in Unarmed Combat
  5822 | D:8      | Noticed a two-headed ogre
  5841 | D:8      | Killed a two-headed ogre
  6325 | D:9      | Received a gift from Okawaru
  6375 | D:9      | Found a staircase to the Lair.
  6511 | D:9      | Reached skill level 9 in Unarmed Combat
  6620 | D:9      | Found a flagged portal.
  6658 | Bailey   | Entered a bailey
  6690 | Bailey   | Reached XP level 11. HP: 100/111 MP: 8/10
  6932 | Bailey   | Acquired the ring "Umokicon" {Fly rC+ Will+ Str+3}
  6937 | Bailey   | Noticed an orc high priest
  6945 | Bailey   | Killed an orc high priest
  6945 | Bailey   | Received a gift from Okawaru
  7018 | Bailey   | Found an iron altar of Okawaru.
  7022 | Bailey   | Noticed an orc sorcerer
  7032 | Bailey   | Killed an orc sorcerer
  7130 | Bailey   | Acquired a manual of Unarmed Combat
  7772 | D:9      | Found a radiant altar of Vehumet.
  7955 | D:9      | Found a sparkling altar of Nemelex Xobeh.
  8066 | D:9      | Found Latiuply's Weapon Boutique.
  8175 | D:10     | Entered Level 10 of the Dungeon
  8177 | D:10     | Found Ticuanae's Changing Room.
  8206 | D:10     | Reached skill level 10 in Unarmed Combat
  8267 | D:10     | Found the +4 consecrated labrys {holy, Valiant ^Fragile Fly
                  | SInv}
  8331 | D:10     | Found a staircase to the Orcish Mines.
  8724 | D:10     | Received a gift from Okawaru
  9106 | D:11     | Reached skill level 1 in Invocations
  9181 | Lair:1   | Entered Level 1 of the Lair of Beasts
  9191 | Lair:1   | Reached skill level 11 in Unarmed Combat
  9286 | Lair:1   | Noticed Amaemon
  9330 | Lair:1   | Succumbed to Amaemon's poison

Illustrated notes

Levels and vault maps discovered:
D:1:      saegor_arrival_simple_c, layout_basic
D:2:      layout_basic, basic_altar, minmay_puff, uniq_jessica
D:3:      layout_basic, hellmonk_ecumenical_altar_heavens_door,
          small_statue_intersection
D:4:      layout_cave_pools, temple_fountains
D:5:      layout_layer_cave, serial_shops, nicolae_book_shop_shelving,
          hellmonk_ghost_happy_afterlife, uniq_edmund
D:6:      layout_rooms
D:7:      kennysheep_windowed_halls, layout_basic, mainiacjoe_overflow_paths
D:8:      layout_cave_pools, minmay_chambers_of_fives
D:9:      layout_rooms, vehumet_statue, nemelex_altar_shiori,
          hellmonk_lair_entry_icy, enter_bailey_7, serial_shops, shop,
          water_boxes_lemuel
D:10:     layout_rooms, david_orc_2, nicolae_transmutations_shop,
          nrook_pool_corridor
D:11:     layout_small_grid
Temple:   nicolae_temple_bog_church
Lair:1:   layout_hall_layers, minivault_23, minmay_lair_oklob_bushes,
          uniq_amaemon

Skill      XL: |  1  2  3  4  5  6  7  8  9 10 11 |
---------------+----------------------------------+-----
Shields        | 3 4 5 6 7 |  7.4
Dodging        | 3 4 5 6 7 8 |  8.7
Fighting       | 3 4 5 6 7 9 |  9.2
Unarmed Combat | 3 4 5 6 7 9 11 | 11.6
Invocations    | 2 |  2.7

Action                     |  1- 3 |  4- 6 |  7- 9 | 10-12 || total
---------------------------+-------+-------+-------+-------++-------
  Melee: Unarmed           |   110 |   141 |   260 |   444 ||   955
 Invoke: Heroism           |       |       |     2 |     3 ||     5
  Evoke: Wand              |       |     2 |       |    20 ||    22
    Use: Scroll            |     1 |     2 |     3 |    10 ||    16
         Potion            |       |     1 |       |     2 ||     3
 Armour: Robe              |    55 |       |       |       ||    55
         Storm dragon scal |     2 |   138 |   190 |   368 ||   698
  Dodge: Dodged            |    30 |    34 |    54 |   129 ||   247
  Block: Kite shield       |    32 |    65 |   129 |   235 ||   461
